Description

Marines + Hellbats + Medivacs TimingAttack around 5:30

VOD

https://www.youtube.com/watch?v=SO3emdr6oCc

Replay - INnoVation v Serral: Game 1 - Submarine LE

Build Order

Get SALT Encoding   

  12  0:00  SCV  
  13  0:12  SCV  
  14  0:17  Supply Depot  
  14  0:24  SCV  
  15  0:38  SCV  
  15  0:40  Barracks  
  16  0:43  Refinery  
  16  0:50  SCV  
  17  1:02  SCV  
  18  1:14  SCV  
  19  1:27  Orbital Command, Reaper  
  20  1:39  Command Center  
  20  1:51  Barracks  
  20  1:53  SCV  
  21  1:59  Barracks Reactor  
  21  2:05  SCV  
  21  2:08  Supply Depot  
  22  2:17  SCV  
  22  2:19  Refinery  
  23  2:27  Factory  
  24  2:35  Marine x2  
  26  2:39  Barracks Tech Lab  
  27  2:51  Orbital Command  
  27  2:53  Marine x2  
  30  3:00  Stimpack  
  31  3:15  Marine x2  
  31  3:19  Starport  
  33  3:24  Factory Reactor  
  33  3:26  Marine  
  36  3:33  Marine  
  38  3:37  Supply Depot  
  38  3:41  Marine x2  
  42  3:54  Supply Depot  
  46  4:03  Hellion x2  
  49  4:13  Medivac x2  
  49  4:16  Supply Depot  
  57  4:25  Hellion x2  
  62  4:35  Armory  
  63  4:39  Combat Shield  
  65  4:48  Hellion x2  
  69  4:56  Medivac  
  77  5:13  Hellion x2  
  83  5:24  Terran Vehicle Weapons Level 1  
  83  5:34  Command Center  
  85  5:36  Refinery x2  
  85  5:38  Hellion x2  
  74  6:24  Factory x2  
  78  6:27  Liberator x2  
  78  6:37  Armory  
  90  6:49  Orbital Command  
  90  6:53  Barracks Tech Lab  
  84  7:11  Orbital Command  
  84  7:22  Infernal Pre-Igniter  
  88  7:23  Siege Tank x2  
  96  7:32  Terran Vehicle And Ship Armor Level 1  
  96  7:36  Refinery x2  
  98  7:42  Terran Vehicle Weapons Level 2  
  102  7:50  Engineering Bay  
  108  8:06  Siege Tank x2  
  115  8:18  Barracks Reactor  
  115  8:19  Factory x2  
  121  8:36  Command Center  
  122  8:44  Siege Tank x2  
  128  8:50  Missile Turret  
  132  8:55  Factory x3  
  132  9:08  Viking x2  
  136  9:10  Factory Tech Lab  
  136  9:15  Missile Turret x2  
  132  9:30  Siege Tank x3  
  146  9:40  Factory Tech Lab x2  
  146  9:41  Factory Reactor  
Spawning Tool Build Advisor. Get it on Overwolf

Go to:

Details

  • Created by: LioNs_GaTe_
  • Published on: Sep 13, 2020
  • Modified on: Sep 13, 2020
  • Patch: 4.11.0
  • Difficulty: Medium
Show
View Real Time Build Order
Export as new Build Order

Comments (0)

There are no comments. Be the first!

Create an account to comment!